 Dungeon Crawl Stone Soup version 0.24.1-8-ga250c9d538 (webtiles) character file.

Game seed: 8541843728849170896, levelgen mode: deterministic

135 Gruesph the Chopper (level 4, -10/43 HPs)
             Began as a Deep Dwarf Fighter on May 7, 2020.
             Was an Initiate of Makhleb.
             Killed by divine providence
             ... invoked by an orc priest
              (12 damage)
             ... on level 3 of the Dungeon.
             The game lasted 00:06:49 (2114 turns).

Gruesph the Chopper (Deep Dwarf Fighter)            Turns: 2114, Time: 00:06:50

Health: -10/43     AC:  9    Str: 21    XL:     4   Next: 96%
Magic:  3/3        EV:  5    Int:  8    God:    Makhleb [......]
Gold:   129        SH:  9    Dex: 12    Spells: 3/3 levels left

rFire    . . .     SeeInvis .   a - +0 war axe
rCold    . . .     Gourm    .   c - +0 shield
rNeg     . . .     Faith    .   p - +0 chain mail
rPois    .         Spirit   .   (no helmet)
rElec    .         Reflect  .   (no cloak)
rCorr    .         Harm     .   (no gloves)
MR       .....                  (no boots)
Stlth    ..........             (no amulet)
HPRegen  0.00/turn              (no ring)
MPRegen  0.08/turn              (no ring)

@: non-regenerating
A: damage resistance, heal wounds, sense surroundings 1, no regeneration
a: Heal Wounds, Renounce Religion


You were on level 3 of the Dungeon.
You worshipped Makhleb.
Makhleb was noncommittal.
You were not hungry.

You visited 1 branch of the dungeon, and saw 3 of its levels.

You collected 129 gold pieces.

Inventory:

Hand Weapons
 a - a +0 war axe (weapon)
Missiles
 n - 126 stones (quivered)
 t - 4 atropa-tipped darts
 u - 4 javelins
Armour
 c - a +0 shield (worn)
 p - a +0 chain mail (worn)
Jewellery
 o - an uncursed ring of see invisible {unknown}
 w - an uncursed amulet of regeneration {unknown}
 x - an uncursed amulet of the acrobat {unknown}
Scrolls
 b - 5 scrolls of remove curse {unknown}
 k - 2 scrolls of magic mapping {unknown}
 l - 5 scrolls of identify {unknown}
 m - 2 scrolls of teleportation {unknown}
 q - a scroll of blinking {unknown}
 r - 2 scrolls of enchant weapon {unknown}
 s - a scroll of amnesia {unknown}
Potions
 d - 2 potions of might
 e - a potion of mutation {unknown}
 g - a potion of cancellation {unknown}
 h - 2 potions of agility {unknown}
 i - a potion of brilliance {unknown}
 j - a potion of flight {unknown}
 v - a potion of curing {unknown}
Comestibles
 f - 6 rations
 z - 2 chunks of flesh


   Skills:
 + Level 3.6 Fighting
 * Level 4.9 Axes
 - Level 3.2 Armour
 - Level 3.2 Shields


You had 3 spell levels left.
You didn't know any spells.
Your spell library was empty.

Dungeon Overview and Level Annotations

Branches:
Dungeon (3/15)

Altars:
Elyvilon
Makhleb
Okawaru
Sif Muna


Innate Abilities, Weirdness & Mutations

You are resistant to damage.
You can heal yourself by infusing magical energy.
You passively map a small area around you.
You do not regenerate.


Message History

Beogh smites you!
* * * LOW HITPOINT WARNING * * *
Something hits you but does no damage. x2
You completely miss something.
You hear some strange, mumbled words.
A puff of flame appears from out of thin air!
You block the puff of flame. Something hits you but does no damage.
You miss something.
You hear some strange, mumbled words.
A puff of flame appears from out of thin air!
The puff of flame hits you.
You hear some strange, mumbled words.
A magic dart appears from out of thin air!
The magic dart hits you but does no damage.
You closely miss something. Something hits you.
* * * LOW HITPOINT WARNING * * *
You block something's attack.
The orc priest calls down the wrath of Beogh upon you.
Beogh smites you!
You die...

* * * * #######
,,,.
##.....#######....
*
#.).......@{ooo...
*
#..###########....
* #..# . , , #..#
* * * ** #..# #..#
### #..# ## ###
..#####..# #.. ...
.......#..# #.# *


You could see an orc priest and 2 orcs.

Vanquished Creatures
  A scorpion (D:3)
  An adder (D:2)
  4 worms
  A dart slug (D:1)
  2 leopard geckos
  An orc (D:3)
  7 bats
  2 giant cockroaches
  7 goblins
  7 hobgoblins
  6 jackals (D:1)
  9 kobolds
  2 ball pythons
  6 rats
56 creatures vanquished.

Notes
Turn   | Place    | Note
-------+----------+-------------------------------------------
     0 | D:1      | Gruesph the Deep Dwarf Fighter began the quest for the Orb.
     0 | D:1      | Reached XP level 1. HP: 20/20 MP: 1/1
   129 | D:1      | Reached XP level 2. HP: 24/27 MP: 2/2
   308 | D:1      | Reached skill level 3 in Axes
   415 | D:1      | Reached XP level 3. HP: 30/34 MP: 3/3
  1151 | D:2      | Found a shimmering blue altar of Sif Muna.
  1277 | D:2      | Reached skill level 4 in Axes
  1494 | D:2      | Reached XP level 4. HP: 39/42 MP: 4/4
  1584 | D:2      | Found a burning altar of Makhleb.
  1589 | D:2      | Became a worshipper of Makhleb the Destroyer
  2019 | D:3      | Found a white marble altar of Elyvilon.
  2019 | D:3      | Found an iron altar of Okawaru.
  2114 | D:3      | HP: 2/43 [something (2)]
  2114 | D:3      | Killed from afar by an orc priest

Levels and vault maps discovered:
D:1:      nicolae_arrival_memento_mori, layout_basic
D:2:      layout_loops_ring, lightli_temple_of_fire, marbit_many_paths
D:3:      layout_loops_ring, gammafunk_temple_overflow_wave, uniq_natasha

Skill      XL: |  1  2  3 |
---------------+----------+-----
Axes           | 3 4 |  4.9
Fighting       | 3 |  3.6
Armour         | |  3.2
Shields        | |  3.2

Action                   |  1- 3 |  4- 6 || total
-------------------------+-------+-------++-------
Melee: War axe           |   113 |    87 ||   200
Throw: Stone             |    12 |       ||    12
 Abil: Heal Wounds       |     1 |     1 ||     2
  Eat: Chunk             |     2 |     2 ||     4
Armor: Scale mail        |    38 |       ||    38
       Chain mail        |    17 |    51 ||    68
Dodge: Dodged            |    32 |    24 ||    56
Block: Shield            |    61 |    31 ||    92
